[Event "European Women Blitz-ch 2024"]
[Site "Monaco"]
[Date "2025.01.10"]
[Round "10.11"]
[White "Cramling Bellon, Anna"]
[Black "Shvedova, Alexandra"]
[Result "0-1"]
[Annotator "TA"]
[ECO "D48"]
[WhiteElo "2052"]
[BlackElo "2266"]
[PlyCount "118"]
[EventDate "2025.01.06"]
[EventType "swiss"]
[EventCountry "MNC"]
[SourceTitle "playchess.com"]
[Source "ChessBase"]
[SourceQuality "1"]
[TimeControl "180+2"]

1. d4 Nf6 2. c4 e6 3. Nf3 d5 4. Nc3 dxc4 5. e3 a6 6. Bxc4 c5 7. O-O b5 8. Bd3 Bb7 9. Qe2 Nbd7 10. Rd1 Qb6 11. Bc2 Be7 12. e4 cxd4 13. Nxd4 Qc7 14. a3 O-O 15. Be3 Nb6 (15... Rac8 $11) 16. Rac1 Nc4 17. Bd3 (17. Ndxb5 $14 {keeps the upper hand.} Qc8 (17... axb5 18. Nxb5 Qb8 19. Qxc4 $14) 18. e5) 17... Nxe3 $17 18. Qxe3 Ng4 19. Qh3 Qf4 20. Nf3 Ne5 {[%emt 0:00:05] Black is much more active.} (20... Bc5 21. Rc2 Rad8 22. Qg3 Qxg3 23. hxg3 Rd7) 21. Nxe5 Qxe5 22. g3 Bc5 23. Kg2 h6 (23... f5 $142 24. f4 Qf6 (24... Bxe4+ $2 25. Nxe4 Qxb2+ 26. Rc2 $18)) 24. Qg4 f5 25. Qh5 (25. Qf4 $17 Qf6 26. Nd5 exd5 27. Rxc5 fxe4 (27... Qxb2 28. exf5 d4+ 29. Be4 $11) (27... dxe4 28. Bc2 $17) 28. Qxf6 Rxf6 29. Rc7) 25... Qf6 $2 (25... Bxe4+ $2 26. Bxe4 Rad8 27. Bb7 $18) (25... Bxf2 $1 $19 {...Be3 is the strong threat.} 26. Rc2 Bc5 (26... Bxe4+ $2 27. Bxe4 Rac8 28. Rxf2 $18)) 26. Rd2 (26. Bb1 $17) 26... Rad8 $19 27. Rcd1 (27. Qe2 {is the only way for White.}) 27... Bb6 $2 {[%emt 0:00:05] A strong pair of Bishops.} (27... Bxa3 $19 {is more deadly.} 28. Nd5 exd5) 28. f3 (28. Bb1 $17) 28... fxe4 $2 (28... Be3 $19 29. Re2 fxe4 30. Rxe3 exd3 (30... Rxd3 31. Rexd3 exd3 32. Rxd3 $17) 31. Rdxd3 Rd4) 29. Bxe4 (29. Nxe4 {seems wilder.} Qf5 30. Qxf5 Rxf5 31. Bb1) 29... Rxd2+ 30. Rxd2 Bxe4 31. Nxe4 Qe7 (31... Qf5 $11 32. Qg4 Qxg4 33. fxg4 Rc8) 32. Qe5 (32. Rd6 $16 Qc7 33. Qg6 (33. Rxe6 Qc2+ 34. Kh3 Bg1 $14)) 32... Bc7 {[%emt 0:00:04] [#]} (32... Qf7 $11 33. Qc3 e5) 33. Qd4 (33. Qc3 $1 $16) 33... Rd8 $11 34. Qc3 Rf8 $2 (34... Rxd2+ $11 35. Qxd2 a5) 35. Nc5 {[%emt 0:00:02][%cal Od2d7] Hoping for Rd7!.} Bb6 $2 (35... Rd8 $16 36. Rxd8+ (36. Nxa6 Rxd2+ 37. Qxd2 Bb6 $16) 36... Bxd8) 36. Ne4 $2 (36. Nxa6 Rd8 37. Qc2 Rxd2+ 38. Qxd2 Kf7 $11) ({White must play} 36. Nd7 $18) 36... e5 37. Qc6 Bd4 38. Qd5+ Kh8 (38... Qf7 39. Qxf7+ Rxf7 40. Rc2 b4) 39. Nd6 (39. Rc2 $14 {was preferable.}) 39... Qf6 40. Nb7 Kh7 (40... Qg5 $5 41. Rc2 $8 Qe3 $17) 41. Qe4+ g6 (41... Qg6 $11) 42. Rc2 Rf7 43. Na5 Kg7 (43... Qf5 $14) 44. Rc6 (44. Nc6 $16) 44... Qg5 (44... Qf5 {simplifies} 45. Qxf5 Rxf5 46. Nb3 Bxb2 47. Rxa6 Rf6) 45. Qe2 $2 (45. h4 $11 Qf5 (45... Qd2+ 46. Kh3 $16) 46. Qxf5 (46. Rxa6 Qxe4 47. fxe4 Rf2+ 48. Kh3 Rxb2 $11) 46... gxf5 47. Rxa6) 45... Qf5 $2 (45... e4 $1 $19 46. Qxe4 Qd2+ 47. Kh3 Bf6 48. Rxa6 Qd1) 46. Nb3 Rd7 (46... Bxb2 47. g4 Qb1 48. Nd2 $16) (46... Rf6 $1 $11 {remains equal.} 47. Rc7+ Rf7) 47. Nxd4 ({Much worse is} 47. Rxa6 Rc7 $14) (47. Nd2 $16) 47... exd4 48. Rxa6 $16 {[%emt 0:00:01][%mdl 4096] Endgame KQR-KQR. White is a pawn up.} d3 49. Qd2 (49. Qe8 $11 Qf7 50. Qe5+ Kh7 51. Rd6 (51. Qxb5 $2 {perishes.} d2 $19) (51. Ra8 $2 Qg7 $19)) 49... Re7 (49... Qd5 $1 $15) 50. Kf1 $2 (50. Qc3+ $16 Kh7 51. g4 Re2+ 52. Kg1 (52. Kg3 Qd7 $14)) 50... Qxf3+ 51. Qf2 Qh1+ 52. Qg1 Re1+ 53. Kxe1 Qxg1+ {[%emt 0:00:01] KQ-KR} 54. Kd2 Qd4 55. Re6 Qc4 56. Re7+ Kf6 57. Rd7 Qc2+ 58. Ke3 Qe2+ 59. Kf4 g5# 0-1

[Event "European Women Blitz-ch 2024"]
[Site "Monaco"]
[Date "2025.01.10"]
[Round "10.12"]
[White "Piddubna, Bozhena"]
[Black "Zhukova, Natalia"]
[Result "0-1"]
[Annotator "TA"]
[ECO "D30"]
[WhiteElo "2152"]
[BlackElo "2306"]
[PlyCount "49"]
[EventDate "2025.01.06"]
[EventType "swiss"]
[EventCountry "MNC"]
[SourceTitle "playchess.com"]
[Source "ChessBase"]
[SourceQuality "1"]
[TimeControl "180+2"]

1. d4 Nf6 2. c4 e6 3. Nf3 d5 4. g3 c5 5. cxd5 exd5 6. Bg2 Nc6 7. O-O Be7 8. dxc5 Bxc5 9. a3 Ne4 10. b4 Be7 11. Bb2 Bf6 12. Bxf6 Qxf6 13. Ra2 Be6 14. Rc2 O-O 15. e3 Rac8 16. Qe2 {[%emt 0:00:30] [#]} (16. b5 $11 Ne5 17. Nd4) 16... Rfe8 {[%emt 0:00:24] Black has more active pieces.} ({Better is} 16... Bg4 $1 $17 {White must now prevent ...Ne5.} 17. h3 Nd4 18. exd4 Bxf3 19. Bxf3 Rxc2 (19... Qxd4 $2 20. Rd1 $18) 20. Qxc2 Qxf3) 17. Rfc1 $11 a6 18. b5 axb5 19. Qxb5 Bg4 20. Nbd2 Bf5 21. Nxe4 ({Much weaker is} 21. Qxb7 Nd6 $17) 21... Bxe4 22. Rd2 $2 (22. Rc3 $11 {and White has nothing to worry.}) 22... Bxf3 $19 23. Bxf3 Qxf3 24. Qxb7 {[%emt 0:00:07] [#]} Ne7 $1 25. Qd7 $2 (25. Qb1 $19) 0-1

[Event "European Women Blitz-ch 2024"]
[Site "Monaco"]
[Date "2025.01.10"]
[Round "10.13"]
[White "Calzetta Ruiz, Monica"]
[Black "Charkhalashvili, Inga"]
[Result "0-1"]
[Annotator "TA"]
[ECO "B01"]
[WhiteElo "2230"]
[BlackElo "2240"]
[PlyCount "78"]
[EventDate "2025.01.06"]
[EventType "swiss"]
[EventCountry "MNC"]
[SourceTitle "playchess.com"]
[Source "ChessBase"]
[SourceQuality "1"]
[TimeControl "180+2"]

1. e4 d5 2. exd5 Qxd5 3. Nf3 Bg4 4. Be2 c6 5. O-O e6 6. d4 Nf6 7. c4 Qd8 8. Nc3 Be7 9. Be3 O-O 10. Re1 Nbd7 11. h3 Bxf3 12. Bxf3 Nb6 13. b3 Rc8 14. Qc2 Qc7 15. Rad1 Rfd8 16. a4 (16. g3 $16) 16... Bb4 17. Re2 $1 c5 $2 (17... Nbd7 $14) 18. Nb5 $1 $18 Qb8 {[%emt 0:00:08] [#]} 19. a5 $2 Nbd7 $1 $14 20. dxc5 {[%emt 0:00:15][%cal Oc5c6] Black must now prevent c6!.} Nxc5 (20... Ne5 $1 $11) 21. Bxc5 (21. Bd2 $14 Na6 22. g3) 21... Bxc5 $11 22. Red2 a6 23. Nc3 Rxd2 24. Qxd2 Bb4 25. Qd3 Bxa5 26. Ne4 Nxe4 (26... Rd8 {simplifies} 27. Nxf6+ gxf6 28. Qe2 Rxd1+ 29. Qxd1 Bb6) 27. Qxe4 b5 28. Rd7 {[%emt 0:00:02] [#]} (28. Qb7 $11 {keeps the balance.}) 28... bxc4 $1 $17 29. Rb7 Qd6 30. bxc4 Bb4 31. g3 (31. Be2 $17) 31... Bc5 $19 32. Kg2 {[%emt 0:00:00] [#]} a5 $1 $40 {[%emt 0:00:07][%mdl 128] Black is out for blood.} 33. Bh5 g6 34. Qf3 $2 (34. Bf3) 34... Rf8 (34... gxh5 35. Qxf7+ Kh8 36. Qxh7#) 35. Qf6 Bd4 ({Weaker is} 35... gxh5 36. Qg5+ Kh8 37. Qf6+ Kg8 38. Qg5+ Kh8 39. Qf6+ Kg8 $11) 36. Qf3 (36. Qg5 $142) 36... gxh5 37. Qe4 Bg7 {[%emt 0:00:00] and ...Qa6 should not be overlooked} 38. Rb5 a4 39. Rxh5 f5 0-1

[Event "European Women Blitz-ch 2024"]
[Site "Monaco"]
[Date "2025.01.10"]
[Round "10.14"]
[White "Kazarian, Anna-Maja"]
[Black "Stefanova, Antoaneta"]
[Result "0-1"]
[Annotator "TA"]
[ECO "C60"]
[WhiteElo "2206"]
[BlackElo "2418"]
[PlyCount "54"]
[EventDate "2025.01.06"]
[EventType "swiss"]
[EventCountry "MNC"]
[SourceTitle "playchess.com"]
[Source "ChessBase"]
[SourceQuality "1"]
[TimeControl "180+2"]

1. e4 e5 2. Nf3 Nc6 3. Bb5 a6 4. Ba4 d6 5. c3 Bd7 6. O-O Nf6 7. Re1 g6 8. h3 Bg7 9. d4 O-O 10. Nbd2 Re8 11. d5 Ne7 12. Bxd7 Nxd7 {[%emt 0:00:05] The position is equal.} 13. Nf1 h6 14. g4 f5 15. gxf5 gxf5 16. exf5 (16. Kh2 $11) 16... Nxf5 $17 17. Ng3 Rf8 18. Kh2 Nxg3 (18... Qf6 $17 {...Nxg3 is the strong threat.} 19. Ne4 Qf7) 19. fxg3 $15 Qf6 20. Rf1 {[%emt 0:00:12] This costs White the game.} (20. Kg2 $1 $15) 20... e4 $19 21. Nd2 Qe5 $36 {[%emt 0:00:07][%mdl 2048] [#] Strongly threatening ...e3. White is under strong pressure.} 22. Rxf8+ (22. Nc4 $17 Rxf1 23. Qxf1 Qxd5 24. Bf4) 22... Rxf8 23. Qe2 {[%emt 0:00:01] Prevents Rf2+} (23. Nf1 {is more resistant.}) 23... e3 {[%emt 0:00:15] Black is clearly winning.} 24. Nf3 Qxd5 25. Kg2 Ne5 26. c4 Qxf3+ 27. Qxf3 Rxf3 {[%emt 0:00:03] Weighted Error Value: White=0.89/Black=0.04 (flawless) .  Mistake:       	White=4     	Black=1      Inaccurate:     	White=3     	---        OK:         	White=4     	Black=3      Best:        	White=2     	Black=4} 0-1

[Event "European Women Blitz-ch 2024"]
[Site "Monaco"]
[Date "2025.01.10"]
[Round "10.15"]
[White "Narva, Mai"]
[Black "Dornbusch, Tatiana"]
[Result "1-0"]
[Annotator "TA"]
[ECO "C70"]
[WhiteElo "2398"]
[BlackElo "2234"]
[PlyCount "74"]
[EventDate "2025.01.06"]
[EventType "swiss"]
[EventCountry "MNC"]
[SourceTitle "playchess.com"]
[Source "ChessBase"]
[SourceQuality "1"]
[TimeControl "180+2"]

1. e4 e5 2. Nf3 Nc6 3. Bb5 a6 4. Ba4 Bc5 5. O-O Nge7 {[%emt 0:00:03] [#]} 6. Nxe5 $1 Nxe5 7. d4 b5 8. Bb3 Bxd4 $1 9. Qxd4 N7c6 (9... d6 $1 $11) 10. Qd5 O-O 11. f4 Ng6 (11... Ng4 $1 $11 {remains equal.}) 12. Nc3 Bb7 13. Qd3 {[%emt 0:00:11] White is more active.} (13. Qd2 $16) 13... d6 (13... Na5 $11) 14. Qg3 $36 {[%emt 0:00:07][%mdl 2048] White has the initiative.} Qh4 (14... Kh8 $14) 15. Qxh4 $1 $16 Nxh4 {[%emt 0:00:01] [#]} 16. f5 $1 Ne5 $2 (16... Nd4 $16) 17. Bg5 $18 b4 18. Nd5 (18. Bxh4 bxc3 19. bxc3 a5 $11 (19... Bxe4 20. f6 $14)) 18... c6 (18... Nxg2 {is a better defense.} 19. Kxg2 a5) 19. Nb6 (19. Bxh4 cxd5 20. f6 (20. Bxd5 Bxd5 21. exd5 Rfc8 $15) (20. exd5 a5 $16) 20... dxe4 $11) 19... Rab8 20. Bxh4 Rfe8 21. Rad1 a5 22. Nc4 $2 (22. Rxd6 Ba6 23. Nd7 Bxf1 24. Nxb8 (24. Kxf1 Ra8 $18)) 22... Nxc4 23. Bxc4 Rxe4 24. Bb3 (24. b3 $1 $18 Rxh4 25. Rxd6) 24... Rxh4 $16 25. Rxd6 c5 26. Bd5 $2 (26. Rfd1 $14 {keeps the upper hand.} Rf8 27. Rd7) 26... Bxd5 $2 (26... Rd4 $19 27. Bxb7 Rxd6) 27. Rxd5 $19 {[%emt 0:00:01][%mdl 4096] Endgame KRR-KRR} Rc4 28. Rf2 f6 29. Re2 Kf8 30. b3 Rc3 31. Kf2 Re8 {[%emt 0:00:00] and ...Rxe2+ should not be overlooked} 32. Rdd2 Rxe2+ 33. Kxe2 Ke7 34. Kd1 h6 ({Better is} 34... Re3 $15) 35. Rd5 $14 Ke8 $2 {[%emt 0:00:04] [#]} (35... h5 $11) 36. Kd2 $1 $18 {[%emt 0:00:01] Hoping for a4.} Ke7 (36... c4 $142 37. Rxa5 cxb3 38. axb3 Rc7) 37. a4 $2 (37. Rd3 $18 {and the rest is easy.}) 37... c4 1-0

[Event "European Women Blitz-ch 2024"]
[Site "Monaco"]
[Date "2025.01.10"]
[Round "10.16"]
[White "Galvan Cipriani, Viviana"]
[Black "Injac, Teodora"]
[Result "0-1"]
[Annotator "TA"]
[ECO "A36"]
[WhiteElo "2098"]
[BlackElo "2453"]
[PlyCount "110"]
[EventDate "2025.01.06"]
[EventType "swiss"]
[EventCountry "MNC"]
[SourceTitle "playchess.com"]
[Source "ChessBase"]
[SourceQuality "1"]
[TimeControl "180+2"]

1. c4 Nf6 2. Nc3 g6 3. g3 Bg7 4. Bg2 O-O 5. e4 d6 6. Nge2 c5 7. O-O Nc6 8. d3 a6 9. h3 Rb8 10. a4 Ne8 11. Be3 Nd4 12. Rb1 Nc7 13. b4 Nce6 (13... b5 $11 {deserves consideration.}) 14. Kh2 cxb4 15. Rxb4 Qa5 (15... a5 $14 16. Rb1 Bd7) 16. Nd5 $16 Re8 {[%emt 0:00:15] [#]} 17. f4 $1 Nxe2 (17... b5 $16) 18. Bb6 $1 $36 {[%emt 0:00:53][%mdl 2048] White is in control.} (18. Qxe2 Nc5 $16) 18... Nc3 19. Qe1 (19. Bxa5 Nxd1 20. Rxd1 h5) 19... Qxb4 20. Nxb4 Nxa4 21. Nd5 (21. Ba7 $18 Ra8 22. Bf2) 21... Bd7 (21... Nxb6 $14 22. Nxb6 Nd4) 22. f5 Nec5 23. Bxc5 Nxc5 24. Qe3 {[%emt 0:00:02] and d4 should not be overlooked} Bc6 25. Nb6 ({White should try} 25. e5 $18) 25... Nb3 {[%emt 0:00:08] [#]} (25... Nd7 $14) 26. f6 $1 Bxf6 27. Nd5 $2 {[%emt 0:00:01][%mdl 8192] [#]} (27. Rxf6 $16 {keeps the pressure on.} exf6 28. d4) 27... Bg7 (27... Bxd5 $1 $19 28. cxd5 b5) 28. Rb1 Nd4 29. Nb6 Be5 30. Kh1 h5 31. g4 (31. Bf3 $142) 31... hxg4 $19 32. hxg4 $2 (32. Qh6 {was called for.}) 32... Kg7 33. Kg1 Rh8 34. Nd5 e6 35. Nf4 Rh4 36. Ne2 Nxe2+ 37. Qxe2 Bd4+ 38. Kf1 Rbh8 39. Qf3 e5 40. Ke2 (40. Ke1 $142 Bc3+ 41. Kf1) 40... Rh2 $2 (40... Bd7 41. Ke1 Bxg4 (41... Rxg4 $2 42. Rxb7 Rh2 43. Rxd7 $19)) 41. Rh1 $2 (41. Rf1 {was the crucial defense.} Rf8 42. Qf6+ Kg8 43. Kf3) 41... Rxh1 42. Bxh1 Bd7 43. Bg2 (43. g5 $142 Rh2+ 44. Bg2) 43... b5 (43... Rh4 $142 44. Qf1 Bxg4+ 45. Kd2 Rh2) 44. cxb5 (44. g5 $142 Kg8 45. cxb5) 44... axb5 (44... Bxb5 45. g5 $17) 45. g5 Be6 (45... Ra8 $142 46. Qf6+ Kg8) 46. Qf6+ Kh7 $2 ({Black should try} 46... Kg8 $19 47. Qd8+ Kh7) 47. Qe7 $2 (47. Bh3 $1 $11 Bb3 48. Bd7) 47... Bc5 $2 (47... Ra8 $19 {White must now prevent ...Ra2+.} 48. Bh3 Ra2+ (48... Bxh3 49. Qxf7+ Kh8 50. Qf6+ Kh7 51. Qf7+ Kh8 52. Qf6+ Kh7 53. Qf7+ $11) 49. Kd1 Ra7 (49... Bxh3 $2 {perishes.} 50. Qxf7+ Kh8 51. Qxa2 $18)) 48. Qb7 $2 (48. Bh3 $1 $11 {and White has nothing to worry.} Ba2 49. Bd7) 48... b4 49. Kf3 $2 (49. Bh3 Ba2 (49... Bxh3 50. Qxf7#) 50. Kf3) 49... Kg7 {[%emt 0:00:00] ( -> ...b3)} 50. Kg3 b3 51. Qb5 Bd4 52. Bf3 b2 53. Bg4 Bxg4 54. Kxg4 Rh1 55. Qd7 b1=Q 0-1

[Event "European Women Blitz-ch 2024"]
[Site "Monaco"]
[Date "2025.01.10"]
[Round "10.17"]
[White "Guichard, Pauline"]
[Black "Javakhishvili, Lela"]
[Result "0-1"]
[Annotator "TA"]
[ECO "D63"]
[WhiteElo "2357"]
[BlackElo "2426"]
[PlyCount "167"]
[EventDate "2025.01.06"]
[EventType "swiss"]
[EventCountry "MNC"]
[SourceTitle "playchess.com"]
[Source "ChessBase"]
[SourceQuality "1"]
[TimeControl "180+2"]

1. d4 Nf6 2. c4 e6 3. Nc3 d5 4. Nf3 Nbd7 5. Bg5 Be7 6. e3 h6 7. Bh4 O-O 8. Rc1 a6 9. c5 c6 10. Bd3 Re8 11. O-O e5 12. dxe5 Nh7 13. Bxe7 Qxe7 14. Qc2 Ng5 15. Nxg5 hxg5 16. f4 Qxc5 17. Kh1 Nf8 18. Qe2 Qe7 19. Qh5 gxf4 20. exf4 Qe6 21. Rce1 Qg4 22. Qxg4 Bxg4 23. h3 Bd7 24. f5 Rad8 25. Na4 Bc8 26. Nb6 Nd7 27. Nxd7 Rxd7 28. Re2 Rde7 29. Rfe1 c5 30. a4 c4 31. Bb1 d4 32. Re4 Rd8 33. g4 d3 34. Rxc4 d2 35. Rd1 Rxe5 36. Kg2 $1 Re1 37. Bc2 b5 38. axb5 Bb7+ ({Much worse is} 38... Rxd1 $6 39. Bxd1 axb5 40. Rc5 $14) 39. Kf2 axb5 40. Rc7 Rxd1 41. Bxd1 Be4 42. Ke2 Bg2 (42... Bd3+ {simplifies} 43. Kxd2 Bxf5+ 44. Kc1 Be4) 43. Bb3 $2 (43. Rc3 $14 {keeps the upper hand.}) 43... Bxh3 $19 44. Bxf7+ Kf8 45. Bb3 Bxg4+ 46. Ke3 d1=Q 47. Bxd1 Bxd1 48. Rc5 Ba4 49. Kf4 Rd2 50. b3 (50. Rc8+ $142 Kf7 51. Rc7+ Kg8 52. b4) 50... Bxb3 $19 51. Rxb5 Bf7 52. Rb8+ Be8 53. Kg5 Rg2+ 54. Kf4 Rf2+ 55. Ke5 Rf1 56. Rb7 Re1+ 57. Kf4 Re7 58. Rb6 Kf7 59. Kg5 Bd7 60. Rb7 Bc6 61. Rb6 Be4 62. f6 (62. Rb4 $19) 62... Re5+ 63. Kf4 gxf6 64. Ra6 Kg6 65. Ra1 Bd5 66. Rg1+ Rg5 (66... Kf7 $142 67. Rb1 Re4+ 68. Kf5 Re3 69. Rb6 Rf3+ 70. Kg4 Ke7 71. Rb8 Rb3 72. Rh8 Bc6 73. Rh2 Kd6 74. Rc2 Be4 75. Rc8 Bc6 76. Rh8 Ke5 77. Rd8 f5+ 78. Kh4 Rb2 79. Kh5 Rh2+ 80. Kg5 Rg2+ 81. Kh4 Rg4+ 82. Kh3 Kf4 83. Rh8 Bf3 84. Rc8 Rg1 85. Rc2 Ra1 86. Rb2 Ra8 87. Kh2 Rh8+ 88. Kg1 Rh1+ 89. Kf2 Rh2+ 90. Kg1 Rxb2 91. Kf1 Kg3 92. Ke1 Bg4 93. Kf1 Rb1#) 67. Rc1 Rf5+ 68. Kg4 Re5 69. Rc7 Re4+ 70. Kg3 Kf5 71. Rc5 Ke5 72. Rc8 f5 73. Re8+ Be6 74. Kf3 Rd4 75. Re7 f4 76. Re8 Ra4 77. Kf2 Ra3 78. Ke2 f3+ 79. Kf2 Rb3 80. Re7 Kf6 81. Re8 Bd5 82. Rf8+ Ke5 83. Kg3 Kd4 84. Rd8 0-1

[Event "European Women Blitz-ch 2024"]
[Site "Monaco"]
[Date "2025.01.10"]
[Round "10.18"]
[White "Matnadze Bujiashvili, Ann"]
[Black "Schulze, Lara"]
[Result "1-0"]
[Annotator "TA"]
[ECO "D11"]
[WhiteElo "2315"]
[BlackElo "2266"]
[PlyCount "69"]
[EventDate "2025.01.06"]
[EventType "swiss"]
[EventCountry "MNC"]
[SourceTitle "playchess.com"]
[Source "ChessBase"]
[SourceQuality "1"]
[TimeControl "180+2"]

1. d4 Nf6 2. Nf3 d5 3. g3 Bf5 4. Bg2 e6 5. c4 c6 6. O-O h6 7. Nc3 Nbd7 8. Qb3 Qb6 9. c5 Qxb3 10. axb3 a6 11. b4 Rc8 {[%emt 0:00:00] The position is equal.} 12. Nd2 Be7 13. Nb3 Bd8 (13... g5 $11) 14. f3 g5 15. e4 Bg6 16. Re1 O-O 17. h4 gxh4 18. Bxh6 Re8 19. gxh4 dxe4 20. fxe4 Nh7 (20... Nh5 $14) 21. d5 (21. Na5 $18 {Strongly threatening h5.} Rb8 22. Re3) 21... Bxh4 $16 22. Re3 Bf6 23. dxc6 bxc6 24. Rxa6 Ne5 25. Rg3 Red8 (25... Rb8 $14 {feels stronger.}) 26. Na5 Nf8 27. Bf4 Nfd7 28. Nb7 Rf8 29. Nd6 Rb8 30. Na2 Ra8 31. Bf1 {[%emt 0:00:03] White is much more active.} Rxa6 32. Bxa6 Ra8 33. Ra3 Rb8 {[%emt 0:00:04] [#]} 34. Bd2 (34. Bc8 $1 $16) 34... Nf3+ $2 35. Rxf3 {[%emt 0:00:02] Weighted Error Value: White=0.18 (very precise) /Black=0.37.  Loses game:     	---       	Black=1      Mistake:       	White=2     	Black=3      Inaccurate:     	White=4     	Black=2      OK:         	White=12    	Black=7      Best:        	White=1     	---} 1-0

[Event "European Women Blitz-ch 2024"]
[Site "Monaco"]
[Date "2025.01.10"]
[Round "11.1"]
[White "Maltsevskaya, Aleksandra"]
[Black "Roebers, Eline"]
[Result "0-1"]
[Annotator "TA"]
[ECO "B45"]
[WhiteElo "2368"]
[BlackElo "2381"]
[PlyCount "74"]
[EventDate "2025.01.06"]
[EventType "swiss"]
[EventCountry "MNC"]
[SourceTitle "playchess.com"]
[Source "ChessBase"]
[SourceQuality "1"]
[TimeControl "180+2"]

1. e4 c5 2. Nf3 Nc6 3. d4 cxd4 4. Nxd4 Nf6 5. Nc3 e6 6. Ndb5 Bc5 7. Bf4 {[%emt 0:00:03] Threatens to win with Nc7+.} O-O 8. Bc7 Qe7 9. Bd6 $1 Bxd6 10. Qxd6 Qd8 11. O-O-O a6 12. Nd4 $1 Ne7 13. h4 Ne8 14. Qg3 b5 15. Bd3 Qb6 16. e5 Bb7 17. h5 Rc8 {[%emt 0:00:14] [#]} (17... h6 $11) 18. h6 $1 $14 g6 $1 19. Qh4 (19. Nce2 $14) 19... f6 20. exf6 Nxf6 21. Nce2 $2 (21. f3 $15) 21... e5 $19 (21... Bxg2 22. Rhe1 $17) 22. Nf5 $2 (22. f3 exd4 23. Nxd4) 22... gxf5 23. Qg5+ Ng6 24. Bxf5 Ne4 (24... Qxf2 $2 {perishes.} 25. Bxg6 Kh8 26. Bxh7 $18) 25. Bxe4 Bxe4 26. Nc3 Bf5 27. g4 Be6 28. Ne4 Qc6 29. Nc3 b4 30. Rh3 bxc3 31. Rxc3 Qb7 {[%emt 0:00:01] Threatens to win with ...Rxc3.} 32. Rxc8 Qxc8 ({Weaker is} 32... Rxc8 33. Qf6 $17) 33. c3 Qc4 34. Rd2 Qxa2 35. Qe3 Bb3 36. Rd6 Qa1+ 37. Kd2 Qd1# 0-1

[Event "European Women Blitz-ch 2024"]
[Site "Monaco"]
[Date "2025.01.10"]
[Round "11.2"]
[White "Khotenashvili, Bella"]
[Black "Tsolakidou, Stavroula"]
[Result "1-0"]
[Annotator "RC"]
[ECO "A24"]
[WhiteElo "2420"]
[BlackElo "2451"]
[PlyCount "97"]
[EventDate "2025.01.06"]
[EventType "swiss"]
[EventCountry "MNC"]
[SourceTitle "playchess.com"]
[Source "ChessBase"]
[SourceQuality "1"]
[TimeControl "180+2"]

1. Nf3 Nf6 2. g3 g6 3. Bg2 Bg7 4. O-O O-O 5. c4 d6 6. Nc3 e5 7. d3 c6 8. Rb1 a5 9. a3 Re8 10. e4 Na6 11. b4 axb4 12. axb4 Bg4 13. Qb3 Nc7 14. Be3 Ne6 15. Ne2 Nd7 16. h3 Bxf3 17. Bxf3 h5 18. Bg2 h4 19. f4 Nd4 20. Nxd4 exd4 21. Bf2 hxg3 22. Bxg3 c5 23. b5 Qa5 24. Rf2 Qa3 25. Rfb2 Qxb3 26. Rxb3 Nb6 27. e5 dxe5 28. Bxb7 Ra2 29. Bc6 Re7 30. R1b2 Ra1+ 31. Rb1 Ra2 32. R3b2 Ra3 33. Rb3 Ra2 34. Re1 f6 35. fxe5 fxe5 36. Be4 g5 37. Rf1 Rea7 38. Rf2 Rxf2 39. Kxf2 Ra2+ 40. Kf3 Kf7 41. Kg4 Bf6 42. Rb1 Ra3 43. Rf1 Ke6 44. Rh1 Ra2 45. h4 gxh4 46. Bxh4 Bxh4 47. Rxh4 Nd7 48. Rh6+ Nf6+ 49. Kg5 1-0

[Event "European Women Blitz-ch 2024"]
[Site "Monaco"]
[Date "2025.01.10"]
[Round "11.3"]
[White "Paehtz, Elisabeth"]
[Black "Kosteniuk, Alexandra"]
[Result "1/2-1/2"]
[Annotator "TA"]
[ECO "D02"]
[WhiteElo "2428"]
[BlackElo "2484"]
[PlyCount "144"]
[EventDate "2025.01.06"]
[EventType "swiss"]
[EventCountry "MNC"]
[SourceTitle "playchess.com"]
[Source "ChessBase"]
[SourceQuality "1"]
[TimeControl "180+2"]

1. d4 Nf6 2. Nf3 d5 3. c3 g6 4. Bf4 Bg7 5. e3 O-O 6. h3 c5 7. Nbd2 $1 {[%emt 0:00:01] 7.Nbd2 scores better than 7.Be2.} Nfd7 {[%emt 0:00:02] D02: 1 d4 d5 2 Nf3 sidelines, including 2...Nf6 3 g3 and 2...Nf6 3 Bf4.} 8. Be2 Nc6 9. O-O e5 10. dxe5 Ndxe5 11. Nxe5 Nxe5 12. Nf3 Nc6 13. Qb3 Na5 14. Qa3 b6 15. Rfd1 $146 ({Predecessor:} 15. Rad1 Bb7 16. b4 cxb4 17. cxb4 Qe7 18. Rd3 Nc4 19. Qb3 Rfe8 20. Rdd1 Rac8 21. a3 {0-1 Garcia Ospina,S (1610)-Hernandez Bermudez,M (1895) American Continental 18th 2024 (6)}) 15... Re8 16. b4 cxb4 17. cxb4 Bxa1 18. Rxa1 Nc4 19. Qc3 Be6 20. Bg5 Qc7 21. Bh6 f6 22. Qxf6 Qe7 23. Qd4 Nd6 24. g4 Ne4 25. Ba6 Qf6 26. Qxf6 Nxf6 27. Nd4 Bf7 {[%emt 0:00:02] [#]} 28. Rc1 $1 Ne4 29. Rc7 Nd6 30. Bf4 Nc4 31. a4 Rf8 32. Kg2 Be8 33. Bb7 Rd8 34. Bg5 Bxa4 35. Bxd8 Rxd8 36. Ne6 (36. e4 $142 Nd6 37. Bxd5+ Kh8 38. Rxa7) 36... Rd6 37. Rg7+ $2 (37. e4 $18 d4 (37... Rxe6 $2 {is the wrong capture.} 38. Bxd5 Kf8 39. Bxe6 $18) 38. Bd5 (38. Rxc4 d3 $18)) 37... Kh8 $16 38. Re7 h6 39. Nf4 d4 {[%emt 0:00:05] [#]} 40. exd4 $1 a5 41. bxa5 bxa5 42. Be4 g5 43. Nh5 (43. Ng6+ $16 Kg8 44. Bf5 Bc6+ 45. Kg3) 43... Bc6 $2 (43... Kg8 $14) 44. Bxc6 Rxc6 45. d5 (45. Ra7 $18 {is more deadly.}) 45... Rd6 (45... Ra6 $16) 46. Ra7 Nb6 (46... Kg8 $16 47. Kf3 Rb6) 47. Rxa5 (47. Ra6 $18) 47... Nxd5 48. Ra7 Nf6 49. Ng3 Nd5 50. Nf5 Nf4+ 51. Kf3 Re6 (51... Rd3+ $14 52. Ke4 Rxh3) 52. h4 $16 Nd3 (52... Rb6 $16) 53. h5 $18 Kg8 54. Rg7+ Kh8 55. Rc7 Kg8 56. Ne3 $2 (56. Rc3 $18 Nf4 57. Rc8+ Kh7 58. Rc7+ Kg8 59. Nd4) 56... Nf4 $2 (56... Rf6+ $1 $11 57. Nf5 Nf4) 57. Ra7 Rb6 58. Rc7 Re6 $1 59. Rc8+ Kh7 60. Rc7+ (60. Nf5 $18) 60... Kg8 $16 61. Nf5 (61. Rc2 $16) 61... Nd3 $1 $18 62. Kg3 Nf4 63. Rd7 (63. Rc8+ $18 Kh7 64. Rc7+ Kh8 65. Kf3) 63... Ra6 (63... Rf6 $16) 64. Kf3 $18 Re6 (64... Nh3 $142 65. Ne7+ Kf7) 65. Rd6 $18 Rxd6 66. Nxd6 Kh7 67. Nf5 Nd3 68. Ke3 Ne5 69. f3 Nc4+ 70. Ke4 $2 (70. Kf2 $16) 70... Nd2+ $11 71. Ke3 $2 ({Better is} 71. Kd3 $11 Nxf3 72. Ke4) 71... Nc4+ $16 72. Kd4 ({White should play} 72. Kd3 Na3 73. Nd6) 72... Nd2 1/2-1/2